 Dungeon Crawl Stone Soup version 0.28-a0-1382-g92835e5c71 (webtiles) character file.

Game seed: 15088959388797182038

25 enile the Twirler (level 3, 0/20 HPs)
             Began as a Tengu Wanderer on Jan 2, 2022.
             Slain by a kobold (1 damage)
             ... on level 1 of the Dungeon.
             The game lasted 00:01:43 (833 turns).

enile the Twirler (Tengu Wanderer)                   Turns: 833, Time: 00:01:45

Health: 0/20       AC:  3    Str:  9 (12) XL:     3   Next: 4%
Magic:  7/7        EV: 11    Int: 13 (15) God:
Gold:   26         SH:  0    Dex: 10 (12) Spells: 5/6 levels left

rFire   . . .      SeeInvis .   a - +0 quarterstaff
rCold   . . .      Faith    .   (shield currently unavailable)
rNeg    . . .      Spirit   .   c - +0 robe
rPois   .          Reflect  .   (helmet restricted)
rElec   .          Harm     .   (no cloak)
rCorr   .          Rampage  .   b - +0 pair of gloves
Will    .....                   (boots unavailable)
Stlth   +.........              (no amulet)
HPRegen 0.06/turn               (no ring)
MPRegen 0.10/turn               (no ring)

@: lethally poisoned (0 -> -3)
A: beak, talons 3
a: no special abilities


You were on level 1 of the Dungeon.
You visited 1 branch of the dungeon, and saw 1 of its levels.

You collected 26 gold pieces.

Inventory:

Hand Weapons
 a - a +0 quarterstaff (weapon)
Armour
 b - a +0 pair of gloves (worn)
 c - a +0 robe (worn)
 d - an orb of energy
Scrolls
 e - a scroll of enchant weapon {unknown}


   Skills:
 + Level 1.2 Fighting
 - Level 3.4 Staves
 - Level 1.5 Armour
 - Level 1.5 Dodging
 - Level 2.2 Spellcasting
 - Level 1.8 Invocations


You had 5 spell levels left.
You knew the following spells:

 Your Spells              Type           Power      Damage    Failure   Level
a - Animate Skeleton      Necr           2%         N/A       26%         1

Your spell library contained the following spells:

 Spells                   Type           Power      Damage    Failure   Level
 Confusing Touch          Hex            1%         N/A       58%         3
 Ozocubu's Armour         Ice            1%         N/A       58%         3
 Teleport Other           Tloc           1%         N/A       58%         3


Dungeon Overview and Level Annotations

Branches:
Dungeon (1/15)

Altars:


Innate Abilities, Weirdness & Mutations

You have a beak for a mouth.
You have claws for feet.


Message History

Your hobgoblin skeleton closely misses the kobold.
You feel sick.
You are no longer poisoned.
Your jackal skeleton misses the kobold.
The kobold barely misses your jackal skeleton.
Your hobgoblin skeleton misses the kobold.
Your jackal skeleton closely misses the kobold.
The kobold hits your jackal skeleton with a +1 dagger of venom.
Your jackal skeleton is destroyed!
Your hobgoblin skeleton closely misses the kobold.
Casting: Animate Skeleton (safe; 22% risk of failure)
Confirm with . or Enter, or press ? or * to list all spells.
You attempt to give life to the dead...
The dead are walking!
You swap places.
Your frilled lizard skeleton barely misses the kobold.
Your frilled lizard skeleton bites the kobold.
You hit the kobold. Your kick misses the kobold.
The kobold is severely wounded.
The kobold barely misses you.
The kobold hits you with a +1 dagger of venom.
* * * LOW HITPOINT WARNING * * *
Your frilled lizard skeleton barely misses the kobold.
You barely miss the kobold. Your peck misses the kobold.
The kobold is severely wounded.
The kobold hits you with a +1 dagger of venom.
* * * LOW HITPOINT WARNING * * *
You are lethally poisoned!
Your frilled lizard skeleton closely misses the kobold.
Unknown command.
* * * LOW HITPOINT WARNING * * *
You feel sick.
* * * LOW HITPOINT WARNING * * *
You feel sick.
It was a potion of degeneration.
There was something very wrong with that liquid.
You feel weakened.
You feel dopey.
You feel clumsy.
* * * LOW HITPOINT WARNING * * *
You feel sick.
The kobold hits you with a +1 dagger of venom.
You die...

............#####.#####+## #.
............+......####.######
#.
####.......######.#.........#
## #.######............####.#
#. #.....##.##.........# #.#
#. #.###.##........#...# #.#
#. #.+<'.######..#..##.#
#.###.
#.###.#.#######..##.####†....
#.....#.....@KZ...#......####
#######.#######...#.####.####
####.# #...Z..#..........
#(...# #......#.###......
#.##.# ######.#.#.#......
#.#########...............
#................#........
####.............####.....
#.............# #.....


You could see a kobold (ally target) and a friendly hobgoblin skeleton.

Vanquished Creatures
  3 endoplasms (D:1)
  A giant cockroach (D:1)
  A goblin (D:1)
  4 hobgoblins (D:1)
  A jackal (D:1)
  2 quokkas (D:1)
  3 ball pythons (D:1)
  2 bats (D:1)
  3 rats (D:1)
20 creatures vanquished.

Vanquished Creatures (collateral kills)
  A jackal (D:1)
  A frilled lizard (D:1)
2 creatures vanquished.

Grand Total: 22 creatures vanquished

Notes
Turn   | Place    | Note
-------+----------+-------------------------------------------
     0 | D:1      | enile the Tengu Wanderer began the quest for the Orb.
     0 | D:1      | enile set off with the following items: a +0 quarterstaff,
                  | a +0 pair of gloves, a +0 robe; and the following spell
                  | memorised: Animate Skeleton; and the following spells
                  | available to memorise: Confusing Touch, Ozocubu's Armour,
                  | Teleport Other
     0 | D:1      | Reached XP level 1. HP: 10/10 MP: 4/4
   222 | D:1      | Reached XP level 2. HP: 13/15 MP: 6/6
   652 | D:1      | Reached skill level 1 in Fighting
   658 | D:1      | Reached XP level 3. HP: 13/20 MP: 5/7
   833 | D:1      | HP: 1/20 [poisoned by a kobold]
   833 | D:1      | Slain by a kobold

Illustrated notes

Levels and vault maps discovered:
D:1:      dpeg_arrival_tiny_d, layout_basic,
          hellmonk_ecumenical_altar_inner_sanctum

Skill      XL: |  1  2 |
---------------+-------+-----
Fighting       | 1 |  1.2
Staves         | |  3.4
Armour         | |  1.5
Dodging        | |  1.5
Spellcasting   | |  2.2
Invocations    | |  1.8

Action                   || total
-------------------------++-------
Melee: Quarterstaff      ||    39
       Peck              ||     5
       Kick              ||     6
 Cast: Animate Skeleton  ||     8
  Use: Potion            ||     1
 Stab: Sleeping          ||     1
Armor: Robe              ||    10
Dodge: Dodged            ||    31

Table legend: (Time is in decaauts)
 A = Elapsed time spent in this place.
 B = Non-inter-level travel time spent in this place.
 C = Inter-level travel time spent in this place.
 D = Time resting spent in this place.
 E = Time spent auto-exploring this place.
 F = Levels seen in this place.
 G = Mean time per level.
                   A        B        C        D        E       F      G
               +--------+--------+--------+--------+--------+-----+--------+
         Total |    838 |    838 |      0 |      0 |    706 |   1 |  838.0 |
       Dungeon |    838 |    838 |      0 |      0 |    706 |   1 |  838.0 |
               +--------+--------+--------+--------+--------+-----+--------+

Top non-repeatable levels by time:
     D:1: 838 daAuts
